 Dungeon Crawl Stone Soup version 0.19-a0-262-g5df7875 (webtiles) character file.

7345 oplop the Jinx (level 10, -13/76 HPs)
             Began as a Vampire Enchanter on May 26, 2016.
             Was a Follower of Ukayaw.
             Mangled by a two-headed ogre
             ... wielding a +0 giant club
              (27 damage)
             ... on level 11 of the Dungeon.
             The game lasted 00:32:44 (9922 turns).

oplop the Jinx (Vampire Enchanter)                  Turns: 9922, Time: 00:32:44

Health: -13/76     AC:  0    Str:  7    XL:     10   Next: 91%
Magic:  12/17      EV: 31    Int: 17    God:    Ukayaw [*.....]
Gold:   595        SH:  0    Dex: 24    Spells: 4 memorised, 8 levels left

rFire  . . .     SeeInvis +     (weapon currently unavailable)
rCold  + + .     Gourm    .     (armour currently unavailable)
rNeg   + + +     Faith    .     (shield currently unavailable)
rPois  ∞         Spirit   .     (helmet currently unavailable)
rElec  .         Dismiss  .     (cloak currently unavailable)
rCorr  .         Reflect  .     (gloves currently unavailable)
SustAt .         Harm     .     (boots currently unavailable)
MR     +....                    (no amulet)
Stlth  ++++......               (ring currently unavailable)
                                (ring currently unavailable)

@: bat-form, flying, bloodless, non-regenerating, very quick, somewhat resistant
to hostile enchantments, stealthy
A: fangs 3, see invisible, (unbreathing)
a: End Transformation, Stomp, Renounce Religion


You were on level 11 of the Dungeon.
You worshipped Ukayaw.
Ukayaw was aware of your devotion.
You were bloodless.
You were in vampire-bat-form.
You visited 2 branches of the dungeon, and saw 12 of its levels.
You also visited: Trove.

You collected 794 gold pieces.
You spent 199 gold pieces at shops.

Inventory:

Hand Weapons
 R - a +10 quick blade (melded)
 W - the +6 blowgun of Causality {speed, rF+ MP+9 Str-4}
   (You found it in a treasure trove)

   Attacks with this weapon are significantly faster.
   It affects your strength (-4).
   It protects you from fire.
   It affects your magic capacity (+9).
Missiles
 w - a throwing net (quivered)
Armour
 b - a +2 robe
 j - a +0 pair of gloves (melded)
 n - a +0 cloak (melded)
 u - a +0 robe of magic resistance (melded)
 y - a +0 pair of boots (melded)
 z - a +0 buckler (melded)
 I - a +2 hat (melded)
Rods
 B - a +0 rod of inaccuracy (12/12)
   (You found it on level 7 of the Dungeon)
Jewellery
 E - a ring of protection from fire (melded)
 M - a ring of resist corrosion (melded)
Wands
 k - a wand of slowing (44/48)
 x - a wand of random effects (11/48)
 D - a wand of random effects (20/48)
 F - a wand of heal wounds (3/9)
 L - a wand of polymorph (9/24)
Scrolls
 d - 8 scrolls of teleportation
 e - 2 scrolls of recharging
 g - 2 scrolls of fog
 h - 4 scrolls of remove curse
 l - 2 scrolls of enchant weapon
 o - 3 scrolls of amnesia
 r - 4 scrolls of identify
 s - a scroll of magic mapping
 A - 2 scrolls of enchant armour
Potions
 f - 17 potions of blood
 m - a potion of cancellation
 q - 2 potions of brilliance
 C - 2 potions of beneficial mutation {unknown}
 G - a potion of curing
 H - a potion of haste {unknown}
 J - a potion of resistance {unknown}
 K - a potion of flight
Books
 c - a book of Maledictions

   Spells                             Type                      Level
   a - Corona                         Hexes                        1
   b - Ensorcelled Hibernation        Hexes/Ice                    2
   c - Confuse                        Hexes                        3
   d - Tukima's Dance                 Hexes                        3
   e - Dazzling Spray                 Conjuration/Hexes            3
 N - a book of Dreams

   Spells                             Type                      Level
   a - Ensorcelled Hibernation        Hexes/Ice                    2
   b - Silence                        Hexes/Air                    5
   c - Darkness                       Hexes                        6
   d - Shadow Creatures               Summoning                    6


   Skills:
 + Level 6.2 Fighting
 + Level 8.1 Short Blades
 + Level 8.6 Dodging
 - Level 5.9 Stealth
 - Level 4.8 Shields
 - Level 5.1 Spellcasting
 - Level 8.6 Hexes
 + Level 5.0 Invocations


You had 8 spell levels left.
You knew the following spells:

 Your Spells              Type           Power        Failure   Level  Hunger
b - Ensorcelled Hibernat  Hex/Ice        ###...       3%          2    #......
c - Confuse               Hex            ####....     1%          3    ###....
d - Dazzling Spray        Conj/Hex       ###...       10%         3    ###....
e - Tukima's Dance        Hex            ####....     1%          3    ###....


Dungeon Overview and Level Annotations

Branches:
Dungeon (11/15)            Temple (1/1) D:4             Orc (0/2) D:9
   Lair: D:8-11

Altars:
Ashenzari
Cheibriados
Dithmenos
Elyvilon
Fedhas
Gozag
Hepliaklqana
Kikubaaqudgha
Makhleb
Nemelex Xobeh
Okawaru
Pakellas
Qazlal
Ru
Sif Muna
Trog
Ukayaw
Vehumet
Xom
Yredelemnul
Zin
The Shining One

Shops:
D:5 *   D:6 (   D:7 *


Innate Abilities, Weirdness & Mutations

You do not heal naturally.
You are immune to poison.
You have razor-sharp teeth.
You have supernaturally acute eyesight. (SInv)
((You can survive without breathing.))


Message History

Aiming: Confuse
Press: ? - help, Shift-Dir - straight line, f - two-headed ogre
Aim: a two-headed ogre, wielding two giant clubs (moderately wounded, chance to defeat MR: 44%)
The two-headed ogre resists with some effort.
The two-headed ogre hits you with a giant club!
The two-headed ogre barely misses you.
You turn into a vampire bat.
Your +10 quick blade melds into your body.
Your +0 cloak melds into your body.
Your +2 hat melds into your body.
Your +0 pair of gloves melds into your body.
Your +0 pair of boots melds into your body.
Your +0 buckler melds into your body.
Your +0 robe of magic resistance melds into your body.
Your ring of protection from fire melds into your body.
Your ring of resist corrosion melds into your body.
You feel less resistant to hostile enchantments.
The two-headed ogre hits you with a giant club!!
* * * LOW HITPOINT WARNING * * *
The two-headed ogre hits you with a giant club!!
You die...

## ####
#.##..###
#O......######
#.b.........<#
#######.######
#.# #.# #.# ..
#.# .# #.# .#
#.# .# #
.....#.#


You could see a two-headed ogre.

Vanquished Creatures
  Pikel (D:9)
  2 hill giants (D:10)
  A polar bear (D:9)
  3 two-headed ogres
  Sigmund (D:2)
  A wyvern (D:10)
  The ghost of oplop the Sneak, an amateur VSEn (D:7)
  A steam dragon (D:10)
  3 hungry ghosts (D:10)
  2 soldier ants (D:8)
  A water moccasin (D:11)
  2 orc warriors
  An ice beast (D:7)
  4 sky beasts
  4 phantoms
  5 ogres
  2 black bears
  2 wolves (D:9)
  A wasp (D:8)
  3 centaurs
  A big kobold (D:9)
  3 giant frogs
  A water moccasin skeleton (D:4)
  A scorpion (D:5)
  2 wights (D:7)
  An electric eel (D:9)
  2 giant frog zombies
  4 crimson imps
  A quasit (D:8)
  A centaur skeleton (D:7)
  8 hounds
  3 orc priests
  A jelly (D:7)
  An orc wizard (D:9)
  A giant frog skeleton (D:5)
  Crazy Yiuf (D:3)
  3 iguanas
  Natasha (D:2)
  6 worker ants
  A centaur simulacrum (D:9)
  A giant frog simulacrum (D:9)
  2 worker ant zombies
  9 gnolls
  9 adders
  4 shadow imps
  A white imp (D:9)
  2 ufetubi (D:9)
  An ooze (D:4)
  An adder skeleton (D:4)
  3 dart slugs (D:1)
  5 giant geckos
  37 orcs
  2 bat zombies (D:2)
  3 giant cockroaches
  10 goblins
  14 hobgoblins
  5 jackals
  A quokka (D:3)
  A ball python (D:5)
  7 bats
  A giant cockroach zombie (D:5)
  5 giant newts
  16 kobolds
  8 rats
  A rat zombie (D:2)
233 creatures vanquished.

Vanquished Creatures (collateral kills)
  A wight (D:7)
  An orc (D:10)
2 creatures vanquished.

Vanquished Creatures (others)
  3 dancing weapons
  An orc warrior (D:9)
  A wolf (D:9)
  An orc priest (D:9)
  A gnoll shaman (D:9)
  2 gnolls (D:9)
  2 orcs (D:9)
11 creatures vanquished.

Grand Total: 246 creatures vanquished

Notes
Turn   | Place    | Note
--------------------------------------------------------------
     0 | D:1      | oplop the Vampire Enchanter began the quest for the Orb.
     0 | D:1      | Reached XP level 1. HP: 13/13 MP: 3/3
   132 | D:1      | Reached XP level 2. HP: 12/19 MP: 5/5
   547 | D:1      | Learned a level 2 spell: Ensorcelled Hibernation
   792 | D:2      | Found a faded altar to an unknown god.
   792 | D:2      | Noticed Sigmund
   793 | D:2      | namelastname112: оплоп, мы подошли из-за угла
   793 | D:2      | oplop: ку
   842 | D:1      | Reached XP level 3. HP: 21/24 MP: 6/6
  1069 | D:2      | namelastname112: недавно халфлингом играл
  1075 | D:2      | namelastname112: уныло
  1087 | D:2      | Reached skill level 5 in Hexes
  1125 | D:2      | oplop: с чем ходил?
  1125 | D:2      | namelastname112: с кб и укой
  1125 | D:2      | oplop: а как же ПРАЩА?
  1125 | D:2      | namelastname112: сдох от нехватки мр
  1128 | D:2      | namelastname112: нахуй пращу
  1128 | D:2      | namelastname112: лол
  1156 | D:2      | namelastname112: грейтслинги может и ниче
  1166 | D:2      | namelastname112: но нахуя
  1181 | D:2      | oplop: ну халфлинг же
  1181 | D:2      | namelastname112: если есть тровинг и немного иголочек
  1478 | D:2      | Reached skill level 5 in Stealth
  1500 | D:2      | Killed Sigmund
  1500 | D:2      | Reached XP level 4. HP: 23/30 MP: 2/8
  1500 | D:2      | Reached XP level 5. HP: 27/35 MP: 2/9
  1541 | D:2      | Found an opulent altar of Gozag.
  1689 | D:2      | Noticed Natasha
  1690 | D:2      | namelastname112: кому молиться будешь?
  1700 | D:2      | Gained mutation: Armour fits poorly on your strangely shaped body. [potion of mutation]
  1700 | D:2      | Gained mutation: You are partially covered in icy blue scales. (AC +1) [potion of mutation]
  1700 | D:2      | Gained mutation: Your flesh is heat resistant. (rF+) [potion of mutation]
  1732 | D:1      | Learned a level 3 spell: Confuse
  1736 | D:1      | Learned a level 3 spell: Dazzling Spray
  1870 | D:1      | oplop: укулеле
  1870 | D:1      | Wingboner: !rng gda, statue
  1873 | D:1      | beem: The RNG chooses: statue.
  1884 | D:2      | Killed Natasha
  1904 | D:2      | oplop: каз
  1904 | D:2      | oplop: ты ушел к чеи?
  1904 | D:2      | Wingboner: Нет, я нашёл статую.
  1904 | D:2      | Wingboner: Не уйду.
  1904 | D:2      | Wingboner: Няшку не брошу.
  2039 | D:2      | Found a bloodstained altar of Trog.
  2040 | D:2      | oplop: какой там анцестор самый ебущий?
  2193 | D:2      | Found an ancient bone altar of Kikubaaqudgha.
  2223 | D:3      | namelastname112: хексер
  2247 | D:3      | Found an oddly glowing altar of Pakellas.
  2310 | D:3      | Reached XP level 6. HP: 42/42 MP: 7/10
  2335 | D:3      | namelastname112: он спамит масс слоу
  2345 | D:3      | Found a snail-covered altar of Cheibriados.
  2348 | D:3      | Wingboner: Они все суровы. Файтер прочнее других, но не кастует. У мага копьё и кислотный болт.
  2355 | D:3      | namelastname112: и конфузом
  2368 | D:3      | namelastname112: казуал
  2368 | D:3      | namelastname112: из моего опыта
  2454 | D:3      | Noticed Crazy Yiuf
  2460 | D:3      | Killed Crazy Yiuf
  2687 | D:3      | namelastname112: с магом приходится постоянно жать tw
  2740 | D:3      | Found a shattered altar of Ashenzari.
  2752 | D:3      | Found a sacrificial altar of Ru.
  2753 | D:3      | namelastname112: чтобы он кастовал
  2769 | D:3      | namelastname112: а не бил палкой
  2818 | D:3      | oplop: лол
  2822 | D:3      | Wingboner: Лол.
  2823 | D:3      | oplop: а хексер нет?
  2968 | D:3      | Reached skill level 1 in Fighting
  3033 | D:3      | namelastname112: а хексеру вообще все похуй
  3162 | D:4      | Found a staircase to the Ecumenical Temple.
  3255 | D:4      | namelastname112: мага стоит брать только если ты сам маг
  3255 | D:4      | namelastname112: как мне кажется
  3255 | D:4      | namelastname112: только лучше все равно брать хексера
  3255 | D:4      | Wingboner: Маг у меня тупил очень, когда я маг был.
  3255 | D:4      | namelastname112: лол
  3279 | D:4      | namelastname112: ну тогда вообще нахуй мага
  3280 | D:4      | Wingboner: Тупо болтался и не кастовал, вручную наводить надо было.
  3292 | D:4      | oplop: анцестора же не поменять?
  3292 | D:4      | namelastname112: неа
  3302 | D:4      | namelastname112: даже если бога кинешь
  3311 | D:4      | Wingboner: Вообще при бете мне больше всего файтер нравился.
  3440 | Temple   | Entered the Ecumenical Temple
  3441 | Temple   | Wingboner: Но хвалили En, я его сейчас решил проверить.
  3532 | Temple   | Became a worshipper of Ukayaw the Reveler
  3582 | D:4      | Reached * piety under Ukayaw
  3621 | D:4      | Reached XP level 7. HP: 49/49 MP: 7/12
  3752 | D:5      | Entered Level 5 of the Dungeon
  3774 | D:5      | namelastname112: http://s-z.org/neil/git/?p=crawl.git;a=commit;h=9b8175be0508a6b34afd3eab6819ea4f3d2412a6
  3776 | D:5      | namelastname112: ОКАЗУАЛЕЛЕ
  3810 | D:5      | Wingboner: Хаха.
  3810 | D:5      | Wingboner: http://underhound.eu:81/crawl/morgue/casual/morgue-casual-20160526-014330.txt
  3868 | D:5      | Reached ** piety under Ukayaw
  4023 | D:5      | namelastname112: https://www.youtube.com/watch?v=sVGrdECzMIY
  4205 | D:5      | Found Jaolanki's Assorted Antiques.
  4208 | D:5      | Bought a scroll labeled WYDWIU UNIB for 28 gold pieces
  4208 | D:5      | Bought a scroll labeled PUAFIYFIWE for 28 gold pieces
  4208 | D:5      | Bought a scroll labeled HEMIAR OROO for 28 gold pieces
  4295 | D:5      | Lost mutation: Your flesh is heat resistant. (rF+) [potion of cure mutation]
  4295 | D:5      | Lost mutation: You are partially covered in icy blue scales. (AC +1) [potion of cure mutation]
  4295 | D:5      | Lost mutation: Armour fits poorly on your strangely shaped body. [potion of cure mutation]
  4306 | D:5      | Reached skill level 5 in Dodging
  4306 | D:5      | Reached XP level 8. HP: 43/57 MP: 0/14
  4547 | D:6      | Found a shadowy altar of Dithmenos.
  4640 | D:6      | Found Gucsexae's Weapon Boutique.
  5624 | D:7      | Found Efysoch's General Store.
  5651 | D:7      | Bought a scroll of teleportation for 33 gold pieces
  5651 | D:7      | Bought a scroll of enchant armour for 82 gold pieces
  5692 | D:7      | Identified a +0 rod of inaccuracy (12/12) (You found it on level 7 of the Dungeon)
  5734 | D:7      | Found a radiant altar of Vehumet.
  5752 | D:7      | Learned a level 3 spell: Tukima's Dance
  5775 | D:7      | Noticed oplop's ghost (amateur VSEn)
  5970 | D:7      | Killed oplop's ghost
  5970 | D:7      | Reached skill level 5 in Short Blades
  6096 | D:7      | Reached skill level 5 in Spellcasting
  6351 | D:7      | Reached XP level 9. HP: 65/65 MP: 16/16
  6567 | D:8      | Reached skill level 1 in Shields
  6614 | D:8      | Reached skill level 1 in Invocations
  6947 | D:8      | Found an iron altar of Okawaru.
  7083 | D:8      | Reached *** piety under Ukayaw
  7471 | D:9      | Reached skill level 5 in Fighting
  7490 | D:9      | Noticed Pikel
  7511 | D:9      | Killed Pikel
  7511 | D:9      | Reached XP level 10. HP: 74/74 MP: 7/17
  7632 | D:9      | Found a staircase to the Orcish Mines.
  7722 | D:9      | Found a sparkling altar of Nemelex Xobeh.
  8182 | D:9      | Found a glowing golden altar of the Shining One.
  8186 | D:9      | oplop: у укулели сила параазайза на три звезды от инвоков зависит?
  8414 | D:10     | Entered Level 10 of the Dungeon
  8415 | D:10     | namelastname112: на трех
  8442 | D:10     | Noticed a hill giant
  8443 | D:10     | namelastname112: всегда
  8443 | D:10     | Wingboner: Не знаю. Раньше не зависела, но хотели сделать длительность от инвоков.
  8443 | D:10     | oplop: ну они паралайзятся, я шаг делаю, они просыпаются
  8449 | D:10     | namelastname112: инвоки влияют на шанс фейла финала, на силу стомпа и шанс конфуза от лайн пасса
  8453 | D:10     | namelastname112: по крайней мере так было
  8458 | D:10     | Killed a hill giant
  8461 | D:10     | Reached **** piety under Ukayaw
  8508 | D:10     | Noticed a hill giant
  8517 | D:10     | Killed a hill giant
  8552 | D:10     | Noticed a hill giant
  8613 | D:10     | namelastname112: !apt invocations
  8614 | D:10     | beem: Inv: DD: 3!, Ds: 3!, HO: 3!, Fo: 2, DE: 1, Na: 1, Ha: 1, Op: 1, HE: 1, Og: 1, Mf: 1, Ce: 1, Hu: 1, Gr: 1, Ko: 1, Gh: 1, Dr: 1, Dg: N/A, Fe: 0, Sp: 0, Mi: 0, VS: 0, Te: -1*, Vp: -1*, Tr: -1*, Mu: -1*
  8635 | D:10     | namelastname112: хм
  8650 | D:10     | namelastname112: даже -2 ни у кого нет
  8656 | D:10     | namelastname112: занятно
  8716 | D:10     | Wingboner: Ну. ДУХОВНЫЕ СКРЕПЫ.
  8717 | D:10     | Wingboner: Важный скил.
  8842 | D:10     | oplop: вилка
  8842 | D:10     | oplop: на д10
  8842 | D:10     | oplop: найс
  8848 | D:10     | namelastname112: вообще ненужный на половине богов
  9093 | D:10     | Wingboner: То хипстота и не нужны.
  9162 | D:9      | namelastname112: ну да
  9166 | D:9      | namelastname112: аш там
  9167 | D:9      | Wingboner: А ты молись Чеи и качай инвоки до 12-14.
  9168 | D:9      | namelastname112: ой
  9168 | D:9      | oplop: че за говно
  9168 | D:9      | namelastname112: да че ты все со своим чеи
  9168 | D:9      | oplop: как будто рнадом переделали
  9168 | D:9      | oplop: хуй пробъешь
  9203 | D:9      | Wingboner: Так у тебя ж писюндра вместо урона.
  9203 | D:9      | oplop: ЧЕ ЗА ГОВНО
  9216 | D:9      | namelastname112: играй с дисом и качай инвоки до 10
  9216 | D:9      | Wingboner: А, конфуз.
  9216 | D:9      | Wingboner: Просто не прёт.
  9471 | D:10     | Found a portal to a secret trove of treasure.
  9474 | D:10     | Wingboner: ЛОЛ
  9474 | D:10     | oplop: ПРОИГРАНО
  9475 | Trove    | Entered a treasure trove
  9484 | Trove    | oplop: Я КОНЧИЛ
  9484 | Trove    | oplop: пойду закурю
  9484 | Trove    | Wingboner: Восемь квикблейдов? Лол.
  9484 | Trove    | Wingboner: Хоть анимешного нинзю иди косплеить.
  9500 | Trove    | Got a slimy quick blade
  9510 | Trove    | Got a polished blowgun
  9529 | Trove    | Identified the +0 quick blade of Greatest Utility {pierce, rElec Dex+4 SInv Stlth+} (You found it in a treasure trove)
  9533 | Trove    | Identified the +6 blowgun of Causality {speed, rF+ MP+9 Str-4} (You found it in a treasure trove)
  9549 | D:10     | oplop: ммм
  9549 | D:10     | oplop: чейто он +10
  9549 | D:10     | Wingboner: > You drop a +7 quick blade. x2
  9549 | D:10     | oplop: я думал только арты больше 10
  9549 | D:10     | Wingboner: Я тоже так думал.
  9551 | D:10     | Wingboner: Но ты ж не против, правда? Кек.
  9623 | D:10     | Wingboner: Палку определи.
  9638 | D:10     | Wingboner: Ну всё, можешь косить под ДД.
  9638 | D:10     | namelastname112: лол
  9638 | D:10     | namelastname112: ты не охуел
  9638 | D:10     | namelastname112: откуда ты +10 взял
  9638 | D:10     | Wingboner: В трове было ВОСЕМЬ КБ.
  9638 | D:10     | namelastname112: лол сука
  9638 | D:10     | Wingboner: Угадай, за что трова?
  9638 | D:10     | namelastname112: ПИТИ
  9638 | D:10     | oplop: http://i.imgur.com/ftDINDy.png
  9638 | D:10     | Wingboner: Да, лол.
  9638 | D:10     | namelastname112: авхыаъхвъ
  9638 | D:10     | namelastname112: смешно
  9638 | D:10     | namelastname112: пиздец
  9638 | D:10     | namelastname112: ну иди
  9638 | D:10     | namelastname112: теперь можешь просто табать
  9638 | D:10     | Wingboner: Даже девять, я артовый не опознал сразу по глифу.
  9638 | D:10     | namelastname112: инкоки только качай
  9638 | D:10     | oplop: да качаются
  9638 | D:10     | oplop: надо тяжелую броню, на д10 триплсворд
  9638 | D:10     | oplop: и можно идти рубить
  9763 | D:10     | namelastname112: хуйня, ты с кб все разбирать будешь
  9788 | D:10     | oplop: ну +10 то да
  9810 | D:11     | Reached skill level 5 in Invocations
  9816 | D:11     | Noticed a green ugly thing
  9819 | D:11     | Wingboner: Тяжёлую броню можно (но не с твоей силой), но трипла хуже кб с укой.
  9922 | D:11     | Mangled by a two-headed ogre

Vault maps used:
D:1:      scummos_arrival_simple_fountains, serial_bayou_pond_c
D:2:      lemuel_zombie_altar_kikubaaqudgha, lemuel_crystal_altar,
          ecumenical_altar_1, trog_hazing_becter, uniq_sigmund, uniq_natasha
D:3:      nicolae_ru_great_annihilating_truth, nicolae_overflow_crystal_walls,
          lemuel_crystal_altar, first_bread, cheibriados_altar_wand_db,
          uniq_crazy_yiuf_cottage
D:4:      minmay_temple_entry_poolview, moated_statue
D:5:      serial_shops, kennysheep_mini_moat
D:6:      overflow_temple_1_default, serial_shops, kennysheep_mini
D:7:      overflow_temple_1_default, serial_shops, shop_coins
D:8:      lemuel_doored_altar, hangedman_pestilent_swarm
D:9:      overflow_temple_1_default, marbit_many_paths, hiddenorc1_lemuel,
          serial_ice, serial_ice_k, serial_ice_a, serial_ice_h, serial_ice_b,
          serial_ice_c, serial_ice_m, uniq_pikel
D:10:     trove_entry_hex_spiral, special_room, st_stairs_4
D:11:     due_lair_maze_entry_diamond, basic_altar, serial_bayou_lake_a,
          uniq_fannar
Temple:   circular_temple_12
Trove:    trove_weapon_1

Skill      XL: |  1  2  3  4  5  6  7  8  9 10 |
---------------+-------------------------------+-----
Hexes          | 5 6 7 8 |  8.6
Stealth        | 5 |  5.9
Short Blades   | 2 3 4 5 7 8 |  8.1
Dodging        | 3 4 5 6 7 8 |  8.6
Spellcasting   | 3 4 5 |  5.1
Fighting       | 1 2 4 5 6 |  6.2
Shields        | 3 4 |  4.8
Invocations    | 3 5 |  5.0

Action                   |  1- 3 |  4- 6 |  7- 9 | 10-12 || total
-------------------------+-------+-------+-------+-------++-------
Melee: Dagger            |   149 |   161 |   370 |   183 ||   863
       Bite              |    10 |    18 |    38 |    31 ||    97
       Quick blade       |       |       |       |    37 ||    37
 Cast: Corona            |     2 |       |       |       ||     2
       Ensorcelled Hiber |     7 |    19 |    41 |    28 ||    95
       Confuse           |       |    10 |    48 |    28 ||    86
       Tukima's Dance    |       |       |     8 |    11 ||    19
       Dazzling Spray    |       |       |     2 |     5 ||     7
Invok: Line Pass         |       |       |       |     1 ||     1
 Abil: Bat Form          |       |       |     4 |     5 ||     9
       End Transformatio |       |       |     4 |     4 ||     8
Evoke: Rod               |       |       |     2 |       ||     2
       Wand              |       |       |       |     3 ||     3
  Use: Potion            |     4 |     5 |     6 |       ||    15
       Scroll            |       |     5 |     4 |     7 ||    16
 Stab: Sleeping          |    11 |    19 |    46 |    20 ||    96
       Confused          |       |     5 |    31 |    14 ||    50
       Invisible         |       |     1 |     2 |     1 ||     4
       Paralysed         |       |     1 |       |     6 ||     7
       Distracted        |       |       |     1 |       ||     1
  Eat: Corpse            |     2 |       |       |       ||     2
Armor: Robe              |    50 |    21 |    43 |    28 ||   142
Dodge: Dodged            |   138 |   114 |   187 |   155 ||   594
Block: Buckler           |       |       |       |    18 ||    18
